[Event "Team 45 45 League T28"]
[Site "Free Internet Chess Server"]
[Date "2005.10.13"]
[Round "5"]
[White "RFFISCHER"]
[Black "Cadger"]
[Result "0-1"]
[WhiteElo "1624"]
[BlackElo "1768"]
[TimeControl "2700+45"]

1. d4 Nf6 2. c4 e6 3. Nf3 d5 4. Nc3 c6 5. Bf4 Be7 6. e3 O-O 7. Be2 Nbd7 8. Qb3 Re8 9. Bd3 Nf8 10. g4 N6d7 11. h4 c5 12. Qc2 dxc4 13. Bxc4 cxd4 14. Nxd4 e5 15. Bxf7+ Kh8 16. Bg5 exd4 17. Bxe8 dxc3 18. O-O-O cxb2+ 19. Qxb2 Qxe8 20. Bh6 Bf6   {White resigns} 0-1

[Event "Team 45 45 League T28"]
[Site "Free Internet Chess Server"]
[Date "2005.10.13"]
[Round "5"]
[White "Implications"]
[Black "clarinetref"]
[Result "1-0"]
[WhiteElo "1625"]
[BlackElo "1563"]
[TimeControl "2700+45"]

1. e4 d6 2. d4 Nf6 3. Nc3 g6 4. f4 Bg7 5. Nf3 Bg4 6. Be3 e6 7. h3 Bxf3 8. Qxf3 O-O 9. O-O-O Nfd7 10. Be2 Qe7 11. d5 Nb6 12. Qf2 N8d7 13. g4 c6 14. Bd4 f5 15. Bxg7 Qxg7 16. dxe6 Nf6 17. gxf5 Kh8 18. Rhg1 d5 19. Qh4 Kg8 20. e5 Ne4 21. Nxe4 dxe4 22. f6 Qc7 23. f7+ Kg7 24. Qf6+   {Black resigns} 1-0

[Event "Team 45 45 League T28"]
[Site "Free Internet Chess Server"]
[Date "2005.10.15"]
[Round "5"]
[White "xplan"]
[Black "pollock"]
[Result "0-1"]
[WhiteElo "1446"]
[BlackElo "1709"]
[TimeControl "2700+45"]

1. e4 c5 2. Nf3 e6 3. Nc3 Nc6 4. e5 d5 5. exd6 Bxd6 6. d4 Bd7 7. d5 exd5 8. Nxd5 Nge7 9. Nf6+ gxf6 10. Qxd6 O-O 11. Qxf6 Re8 12. Be2 Ng6 13. Qc3 Qe7 14. Be3 Nf4 15. Rg1 Nxe2 16. Kxe2 Rad8 17. Rge1 Nd4+ 18. Nxd4 cxd4 19. Qxd4 Bb5+ 20. c4 Rxd4   {White resigns} 0-1

[Event "Team 45 45 League T28"]
[Site "Free Internet Chess Server"]
[Date "2005.10.14"]
[Round "5"]
[White "dianabutterfly"]
[Black "grabapawn"]
[Result "1-0"]
[WhiteElo "1348"]
[BlackElo "1398"]
[TimeControl "2700+45"]

1. Nf3 d5 2. d3 Nc6 3. g3 e5 4. Nbd2 Bc5 5. e3 Nf6 6. Nb3 Bb6 7. d4 Bg4 8. h3 Bxf3 9. Qxf3 Qe7 10. Qd1 exd4 11. Bd3 Ne4 12. O-O O-O-O 13. Qg4+ Kb8 14. Bxe4 dxe4 15. exd4 Bxd4 16. c3 Bb6 17. a4 h5 18. Qg5 f6 19. Qb5 a6 20. Qe2 g5 21. a5 Ba7 22. Be3 Bxe3 23. Qxe3 f5 24. Rad1 Ne5 25. Rxd8+ Rxd8 26. Nd4 Qf6 27. b3 f4 28. gxf4 gxf4 29. Qxe4 Rg8+ 30. Kh2 Ng4+ 31. hxg4 Qh4+ 32. Kg2 Rxg4+ 33. Kf3 Qh3+ 34. Ke2 Qxc3 35. Rd1 h4 36. Rd3 Qxa5 37. Nf3 Qa2+ 38. Rd2 Qxb3 39. Ne5 Qb5+ 40. Kf3 Rg7 41. Kxf4 h3 42. Qe3 Ka8 43. Rd8#   {Black checkmated} 1-0

[Event "Team 45 45 League T28"]
[Site "Free Internet Chess Server"]
[Date "2005.10.14"]
[Round "5"]
[White "Aul"]
[Black "SuperDiman"]
[Result "0-1"]
[WhiteElo "1552"]
[BlackElo "1458"]
[TimeControl "2700+45"]

1. Nf3 d5 2. c3 c6 3. g3 Nh6 4. Bg2 f6 5. O-O e5 6. d3 g5 7. e4 dxe4 8. dxe4 Qxd1 9. Rxd1 Bg4 10. h3 Be6 11. Be3 g4 12. Bxh6 Bxh6 13. hxg4 Bxg4 14. Rd3 Nd7 15. Nh2 Be2 16. Rd6 Ke7 17. Rxd7+ Kxd7 18. Na3 Rhd8 19. Re1 Ba6 20. Ng4 Bg7 21. Bh3 Kc7 22. Kg2 h5 23. Ne3 Bh6 24. Nac4 Bxc4 25. Nxc4 Bd2 26. Re2 Bh6 27. b3 b5 28. Nb2 Rd2 29. Kf1 Rad8 30. a4 Rxe2 31. Kxe2 Rd2+   {White resigns} 0-1

[Event "Team 45 45 League T28"]
[Site "Free Internet Chess Server"]
[Date "2005.10.17"]
[Round "5"]
[White "KlassAct"]
[Black "ahorse"]
[Result "0-1"]
[WhiteElo "1411"]
[BlackElo "1529"]
[TimeControl "2700+45"]

1. e4 c5 2. Nf3 d6 3. Bc4 e6 4. Nc3 a6 5. a4 Nf6 6. d4 cxd4 7. Nxd4 Nc6 8. O-O Nxe4 9. Nxe4 d5 10. Bxd5 exd5 11. Nc3 Bc5 12. Nb3 Bd6 13. Nxd5 O-O 14. Bf4 Bxf4 15. Nxf4 Qf6 16. Nd3 Bf5 17. Nbc1 Rfd8 18. Qf3 Nd4 19. Qxb7 Nxc2 20. Rb1 Qg6 21. Re1 Nxe1   {White resigns} 0-1

[Event "Team 45 45 League T28"]
[Site "Free Internet Chess Server"]
[Date "2005.10.15"]
[Round "5"]
[White "SamGB"]
[Black "noHz"]
[Result "1-0"]
[WhiteElo "1913"]
[BlackElo "1863"]
[TimeControl "2700+45"]

1. e4 e5 2. Nf3 Nf6 3. Nxe5 d6 4. Nxf7 Kxf7 5. d4 Qe8 6. Nc3 g6 7. Qf3 c6 8. Bg5 Bg7 9. e5 dxe5 10. Bc4+ Be6 11. Ne4 Qe7 12. Bxe6+ Kxe6 13. Qb3+ Kd7 14. Qxb7+ Ke6 15. Qxa8 Qb4+ 16. Bd2 Qxd4 17. Ng5+ Ke7 18. Qb7+ Nbd7 19. Qxc6 Qxb2 20. Qe6+ Kd8 21. Ba5+ Kc8 22. Qc6+   {Black resigns} 1-0

[Event "Team 45 45 League T28"]
[Site "Free Internet Chess Server"]
[Date "2005.10.23"]
[Round "5"]
[White "jestrada"]
[Black "sidiAhmed"]
[Result "1/2-1/2"]
[WhiteElo "1856"]
[BlackElo "1663"]
[TimeControl "2700+45"]

1. e4 c5 2. Nf3 d6 3. d4 cxd4 4. Nxd4 Nf6 5. Nc3 a6 6. Be3 Nc6 7. Be2 e5 8. Nf3 Be7 9. O-O O-O 10. Qd2 b5 11. a3 Bb7 12. Rad1 Qc7 13. Bg5 b4 14. axb4 Nxb4 15. Bxf6 Bxf6 16. Qxd6 Qxd6 17. Rxd6 Nxc2 18. Rfd1 Nd4 19. Nxd4 exd4 20. Nd5 Bxd5 21. Rxd5 Rfd8 22. Rxd8+ Rxd8 23. Bxa6 Rb8 24. Rd2 Ra8 25. Bf1 Ra2 26. f4 Be7 27. Bc4 Bb4 28. Rxd4 Ra1+ 29. Kf2 Bc5 30. Ke3 Rd1 31. Bd3 Bxd4+ 32. Kxd4 Rd2 33. b4 Kf8 34. g4 Ke7 35. h4 f6 36. g5 Rh2 37. e5 fxe5+ 38. Kxe5 Rxh4 39. b5 Rh2 40. Be4 h5 41. gxh6 Rxh6 42. Kd5 Kd7 43. f5 Kc7 44. Kc5 Rd6 45. Bc6 Rf6 46. b6+ Kd8 47. Be4 Kd7 48. Kb5 Rd6 49. Ka6 Rf6 50. Ka7 Rf8 51. Bd3 Kc8 52. Bc4 Kd7 53. Be6+ Kc6 54. b7 Kc7 55. Bd5 Rd8 56. Be4 Re8 57. Bf3 Rd8 58. Bd5 Re8 59. Ka6 Rf8 60. Be6 Kb8 61. Kb6 Rf6 62. Kc5 g5 63. Kd6 g4 64. Ke5 g3 65. Bd5 Rb6 66. Kf4 Rf6 67. Be4 Rf7 68. Kxg3 Rxf5 69. Bxf5 Kxb7   {Neither player has mating material} 1/2-1/2

[Event "Team 45 45 League T28"]
[Site "Free Internet Chess Server"]
[Date "2005.10.15"]
[Round "5"]
[White "dzonson"]
[Black "zcomcon"]
[Result "1/2-1/2"]
[WhiteElo "1721"]
[BlackElo "1708"]
[TimeControl "2700+45"]

1. d4 f5 2. Bg5 h6 3. Bh4 g5 4. e3 Nf6 5. Be2 Bg7 6. Bg3 O-O 7. Nc3 d6 8. h4 g4 9. Qd3 c6 10. h5 Qe8 11. e4 Nxh5 12. exf5 Bxf5 13. Qd2 Nxg3 14. fxg3 Nd7 15. O-O-O e5 16. dxe5 Qxe5 17. Qxd6 Qxd6 18. Rxd6 Bxc3 19. Bc4+ Kg7 20. bxc3 Rf6 21. Rd2 Re8 22. Ne2 Re3 23. Kb2 Nb6 24. Bb3 Be6 25. Nf4 Bxb3 26. Nh5+ Kg6 27. Nxf6 Be6 28. Nh5 Nc4+ 29. Kc1 Nxd2 30. Kxd2 Re5 31. Nf4+ Kg7 32. Nxe6+ Rxe6 33. Rh4 Rg6 34. Rh5 Rf6 35. Ke2 Re6+ 36. Kd2 Rf6 37. Ke2 Re6+ 38. Kd2 Kg6 39. Ra5 a6 40. Ra4 h5 41. Rf4 b6 42. Rd4 b5 43. a3 c5 44. Rf4 c4 45. Rd4 Kf5 46. Rf4+ Kg5 47. Rd4 Rf6 48. Ke2 a5 49. Rd5+ Rf5 50. Rd4 h4 51. gxh4+ Kxh4 52. a4 bxa4 53. Rxc4 a3 54. Ra4 a2 55. Rxa2 g3 56. Ke3 Rf2 57. Ra4+ Kg5 58. Rxa5+ Kg4 59. Ra4+ Kg5 60. Ra5+ Kg4 61. Ra4+   {Game drawn by mutual agreement} 1/2-1/2

[Event "Team 45 45 League T28"]
[Site "Free Internet Chess Server"]
[Date "2005.10.13"]
[Round "5"]
[White "fernbap"]
[Black "Aul"]
[Result "1-0"]
[WhiteElo "1633"]
[BlackElo "1559"]
[TimeControl "2700+45"]

1. Nf3 g6 2. d4 d6 3. b4 a6 4. Bb2 Bg7 5. c4 b6 6. g3 Bb7 7. Bg2 e5 8. dxe5 Bxe5 9. Nxe5 Bxg2 10. Nxf7 Kxf7 11. Rg1 Nf6 12. Rxg2 Re8 13. Nd2 Nbd7 14. Qb3 Re6 15. e3 a5 16. a3 axb4 17. axb4 Rxa1+ 18. Bxa1 Qa8 19. Bxf6 Qxg2 20. Bb2 Qxh2 21. Nf3 Qh1+ 22. Ke2 Qh5 23. Qd3 Ne5 24. Bxe5 Rxe5 25. e4 c6 26. Kd2 Qh6+ 27. Kc2 Re6 28. Nd4 Rf6 29. f4 Qh2+ 30. Kc3 c5 31. bxc5 dxc5 32. Nf3 Qa2 33. Qd7+ Kg8 34. Qe8+ Rf8 35. Qe6+ Kh8 36. Qe5+ Kg8 37. Qe6+ Rf7 38. Qe8+ Kg7 39. Qe5+ Kh6 40. Qg5+ Kg7 41. Qe5+ Kf8 42. Qb8+ Ke7 43. Qc7+ Ke6 44. Ng5+   {Black resigns} 1-0

[Event "Team 45 45 League T28"]
[Site "Free Internet Chess Server"]
[Date "2005.10.16"]
[Round "5"]
[White "ymy"]
[Black "Litovec"]
[Result "1-0"]
[WhiteElo "1746"]
[BlackElo "1763"]
[TimeControl "2700+45"]

1. d4 Nf6 2. Nf3 g6 3. c4 Bg7 4. Nc3 d6 5. e4 O-O 6. Be2 c6 7. O-O Qc7 8. Re1 e5 9. d5 a6 10. h3 Nbd7 11. Be3 c5 12. a4 Nh5 13. Qd2 f5 14. Bh6 f4 15. Bxg7 Kxg7 16. Ng5 Nb8 17. Bg4 h6 18. Ne6+ Bxe6 19. dxe6 Nf6 20. Nd5 Nxd5 21. cxd5 h5 22. Bf3 a5 23. Qe2 Na6 24. Ra3 Nb4 25. Rf1 Rf6 26. g3 Kh6 27. h4 Rg8 28. Kh2 Rgf8 29. g4 hxg4 30. Bxg4 Rh8 31. Rh3 Kg7 32. Rg1 c4 33. h5 g5 34. Bf5 Kh6 35. Qg4 Rg8 36. Bg6 Rfxg6 37. hxg6+ Kxg6 38. Qxg5#   {Black checkmated} 1-0

[Event "Team 45 45 League T28"]
[Site "Free Internet Chess Server"]
[Date "2005.10.14"]
[Round "5"]
[White "spendius"]
[Black "bsdc"]
[Result "1-0"]
[WhiteElo "1778"]
[BlackElo "1665"]
[TimeControl "2700+45"]

1. e4 g6 2. d4 Bg7 3. Nc3 d6 4. Be3 Nf6 5. Nf3 Bg4 6. Be2 O-O 7. Qd2 Nbd7 8. h3 Bxf3 9. Bxf3 Rb8 10. h4 c5 11. h5 Nxh5 12. Bxh5 gxh5 13. Bh6 cxd4 14. Bxg7 Kxg7 15. Rxh5 Nf6 16. Rg5+ Kh8 17. Qxd4 Qb6 18. Qxb6 axb6 19. f3 Rg8 20. Rxg8+ Kxg8 21. Na4 Nd7 22. Rd1 Rc8 23. Rd2 Rc6 24. Nc3 e6 25. Nb5 Kf8 26. Nxd6 Rc7 27. Nb5 Rc5 28. Rxd7 Rxb5 29. b3 Rc5 30. c4 Rc6 31. Rxb7 Kg7 32. Rd7 Kg6 33. Ke2 f5 34. exf5+ exf5 35. Ke3 h5 36. Kf4 Re6 37. Rd2 Rc6 38. Rc2 b5 39. c5 Kf6 40. b4 Kg6 41. Ke5 Kg5 42. Kd5   {Black resigns} 1-0

[Event "Team 45 45 League T28"]
[Site "Free Internet Chess Server"]
[Date "2005.10.18"]
[Round "5"]
[White "xboard"]
[Black "seberg"]
[Result "1-0"]
[WhiteElo "1631"]
[BlackElo "1613"]
[TimeControl "2700+45"]

1. e4 c5 2. Nf3 Nc6 3. d4 cxd4 4. Nxd4 e6 5. Nc3 a6 6. Be2 Be7 7. O-O b5 8. Nxc6 dxc6 9. Qxd8+ Bxd8 10. e5 Ne7 11. Bg5 Bb7 12. Ne4 Nf5 13. Bxd8 Rxd8 14. Rad1 O-O 15. Bg4 Ne7 16. Nc5 Bc8 17. Rd6 Rxd6 18. exd6 Nd5 19. d7 Bxd7 20. Nxd7 Rd8 21. Nc5 Nb4 22. Rd1 Rxd1+ 23. Bxd1 Nxa2 24. Nxa6 Kf8 25. c3 Ke7 26. Nc5 Kd6 27. Nd3 c5 28. Bf3 c4 29. Nf4 Nc1 30. Ne2 Nd3 31. Be4 Nxb2 32. Nd4 Ke5 33. Bf3 Kd6 34. Nxb5+ Kc5 35. Nd4 Na4 36. Ne2 f5 37. g4 g5 38. Kf1 Nb2 39. Nd4 fxg4 40. Bxg4 e5 41. Ne2 Kb5 42. Bf5 h6 43. Ke1 Nd3+ 44. Bxd3 cxd3 45. Ng3 Kc4 46. Kd2 g4 47. Ne4 h5 48. Nf6 h4 49. Nxg4 e4 50. Nf6   {Black resigns} 1-0

[Event "Team 45 45 League T28"]
[Site "Free Internet Chess Server"]
[Date "2005.10.18"]
[Round "5"]
[White "HotDonut"]
[Black "trajanus"]
[Result "0-1"]
[WhiteElo "1905"]
[BlackElo "2037"]
[TimeControl "2700+45"]

1. Nf3 c5 2. c4 g6 3. d4 cxd4 4. Nxd4 Bg7 5. e4 Nc6 6. Nc2 Nf6 7. Nc3 d6 8. Be2 O-O 9. O-O Nd7 10. Be3 Nc5 11. f3 Bxc3 12. bxc3 Qa5 13. Qd2 Be6 14. Nb4 f5 15. exf5 Bxf5 16. Bh6 Rf7 17. Rfe1 Ne5 18. Rad1 Rc8 19. Bf1 Na4 20. Nd5 Nb6 21. Nxe7+ Rxe7 22. Qxd6 Re6 23. Qd2 Nbxc4 24. Bxc4 Nxc4 25. Qg5 Rxe1+ 26. Rxe1 Qc5+ 27. Kh1 Qf2 28. Rd1 Re8 29. h4 Re1+ 30. Rxe1 Qxe1+ 31. Kh2 Qe5+ 32. f4 Qd6 33. Qg3 Kf7 34. Qf3 Qc6 35. Qe2 Be4 36. Bg5 Nd6 37. h5 Qxc3 38. h6 Qc2 39. Qg4 Nf5 40. Bd8 Qxa2 41. Qxg6+   {White resigns} 0-1

[Event "Team 45 45 League T28"]
[Site "Free Internet Chess Server"]
[Date "2005.10.18"]
[Round "5"]
[White "RoZa"]
[Black "roverch"]
[Result "0-1"]
[WhiteElo "1954"]
[BlackElo "1814"]
[TimeControl "2700+45"]

1. c3 e5 2. e4 Nf6 3. d3 d5 4. Nd2 Bc5 5. Be2 a5 6. a4 Nc6 7. h3 O-O 8. Qc2 Be6 9. g4 dxe4 10. dxe4 Qd7 11. Ngf3 Bxg4 12. hxg4 Nxg4 13. Rf1 f5 14. exf5 Rxf5 15. Ne4 Bb6 16. Ng3 Rff8 17. Bd2 Rad8 18. O-O-O Nxf2 19. Bc4+ Kh8 20. Rxf2 Bxf2 21. Rh1 g6 22. Ng5 Bxg3 23. Nxh7 Qxh7 24. Rxh7+ Kxh7 25. Be3 Bf4 26. Bxf4 exf4 27. Kb1 Rd6 28. Ka2 f3 29. Qf2 Kg7 30. Bb5 g5 31. Bf1 g4 32. Qg3 Rg6 33. Qxc7+ Rf7 34. Qg3 f2 35. Kb3 Rg5 36. Qe3 Rff5 37. Bd3 Kf6 38. Bf1 g3 39. Qd3 g2 40. Qd6+ Kg7 41. Bc4 f1=Q 42. Qe6 Qd1+ 43. Ka3 Qa1+ 44. Kb3 Nd4+ 45. cxd4 Rg3+ 46. Kc2 Rf2+ 47. Be2 Qxa4+ 48. Kd2 Qxd4+ 49. Kc2 Qd3+   {White resigns} 0-1

[Event "Team 45 45 League T28"]
[Site "Free Internet Chess Server"]
[Date "2005.10.18"]
[Round "5"]
[White "TheTactician"]
[Black "zota"]
[Result "1-0"]
[WhiteElo "1814"]
[BlackElo "1999"]
[TimeControl "2700+45"]

1. e4 c5 2. Nf3 d6 3. d4 cxd4 4. Nxd4 Nf6 5. Nc3 a6 6. Bg5 e6 7. f4 Nc6 8. Nxc6 bxc6 9. e5 h6 10. Bxf6 gxf6 11. exd6 Bxd6 12. Qf3 Qc7 13. Bd3 Rb8 14. Rb1 Bxf4 15. O-O Be5 16. h3 Bxc3 17. bxc3 Rxb1 18. Rxb1 Qe5 19. Qxc6+ Ke7 20. Bxa6 Rg8 21. Bxc8 Qe3+ 22. Kh1   {Black resigns} 1-0

[Event "Team 45 45 League T28"]
[Site "Free Internet Chess Server"]
[Date "2005.10.16"]
[Round "5"]
[White "fledermaus"]
[Black "MidKnightBlue"]
[Result "1-0"]
[WhiteElo "1925"]
[BlackElo "1815"]
[TimeControl "2700+45"]

1. Nf3 Nf6 2. c4 g6 3. Nc3 d5 4. cxd5 Nxd5 5. Qa4+ Bd7 6. Qh4 Nf6 7. d4 Bg7 8. e4 Nc6 9. Be3 Bg4 10. Bb5 Bxf3 11. gxf3 O-O 12. Bxc6 bxc6 13. O-O Re8 14. Rfd1 Qc8 15. Bg5 Kh8 16. Rac1 Ng8 17. Qg3 Nf6 18. b3 Nd7 19. Be3 a6 20. Na4 Qb7 21. Qg5 Rad8 22. Qa5 Rc8 23. Nc5 Nxc5 24. Qxc5 e5 25. Qxc6 Qxc6 26. Rxc6 Red8 27. d5 Rd6 28. Rdc1 Bf8 29. Rxc7 Rxc7 30. Rxc7 f5 31. Bc5 Rf6 32. Rc8 Kg7 33. Bxf8+ Rxf8 34. Rxf8 Kxf8 35. b4 Ke7 36. a4 f4 37. b5 axb5 38. axb5 Kd6 39. b6 Kd7 40. Kf1 Kc8 41. d6 g5 42. Ke2 h5 43. h3   {Black resigns} 1-0

[Event "Team 45 45 League T28"]
[Site "Free Internet Chess Server"]
[Date "2005.10.15"]
[Round "5"]
[White "TripleCheck"]
[Black "gracey"]
[Result "1-0"]
[WhiteElo "2142"]
[BlackElo "2063"]
[TimeControl "2700+45"]

1. e4 e5 2. Bc4 c6 3. Nf3 d5 4. exd5 cxd5 5. Bb5+ Bd7 6. Qe2 e4 7. O-O Qb6 8. Bxd7+ Nxd7 9. d3 f5 10. dxe4 fxe4 11. c4 Qa6 12. Nc3 Ne7 13. Nd4 Nf6 14. Ndb5 O-O-O 15. cxd5 Ng6 16. Qc4+ Kd7 17. Qc7+ Ke8 18. Bg5 h6 19. Bxf6 gxf6 20. Nxe4 Be7 21. d6 Qxb5 22. dxe7 Nxe7 23. Nxf6+ Kf7 24. Rfe1 Qb4 25. Nh5 Qd6 26. Qxb7 Rhf8 27. Qe4   {Black resigns} 1-0

[Event "Team 45 45 League T28"]
[Site "Free Internet Chess Server"]
[Date "2005.10.15"]
[Round "5"]
[White "LLIAMAH"]
[Black "ButiOxa"]
[Result "0-1"]
[WhiteElo "1735"]
[BlackElo "1812"]
[TimeControl "2700+45"]

1. e4 e5 2. Nf3 Nc6 3. d4 exd4 4. Nxd4 Qf6 5. Be3 Bc5 6. c3 Nge7 7. b4 Bxd4 8. Bxd4 Nxd4 9. cxd4 Nc6 10. Nc3 Qxd4 11. Nd5 Qxe4+ 12. Qe2 Qxe2+ 13. Bxe2 Kd8 14. O-O Ne7 15. Nc3 d5 16. Rad1 Be6 17. Ne4 c6 18. Nc5 Kc7 19. b5 Ng6 20. f4 Bf5 21. Rc1 Rhe8 22. Bd1 Nf8 23. Ba4 Kb6 24. Rf2 cxb5 25. Bb3 Rac8 26. g4 Rxc5 27. Rxc5 Re1+ 28. Rf1 Rxf1+ 29. Kxf1 Bd3+ 30. Kf2 Kxc5   {White resigns} 0-1

[Event "Team 45 45 League T28"]
[Site "Free Internet Chess Server"]
[Date "2005.10.15"]
[Round "5"]
[White "Sportsmen"]
[Black "AlefZero"]
[Result "1/2-1/2"]
[WhiteElo "2209"]
[BlackElo "2177"]
[TimeControl "2700+45"]

1. e4 d5 2. exd5 Qxd5 3. Nc3 Qa5 4. d4 Nf6 5. Nf3 c6 6. Bc4 Bf5 7. Bd2 e6 8. Qe2 Bb4 9. a3 Bxc3 10. Bxc3 Qc7 11. O-O-O Nbd7 12. Ne5 Nxe5 13. dxe5 Nd5 14. Bd2 Nb6 15. Bb3 O-O-O 16. g4 Bg6 17. f4 h5 18. h3 hxg4 19. hxg4 Rxh1 20. Rxh1 c5 21. Be3 Qc6 22. Rf1 c4 23. Bxb6 Bd3 24. Qf2 cxb3 25. Bxd8 Bxf1 26. c3 Qe4 27. Qc5+ Kxd8 28. Qf8+ Kc7 29. Qd6+ Kc8 30. Qf8+ Kd7 31. Qd6+ Kc8   {Game drawn by mutual agreement} 1/2-1/2

[Event "Team 45 45 League T28"]
[Site "Free Internet Chess Server"]
[Date "2005.10.16"]
[Round "5"]
[White "RussoTuristo"]
[Black "Ajmdemen"]
[Result "0-1"]
[WhiteElo "2029"]
[BlackElo "1923"]
[TimeControl "2700+45"]

1. c4 e5 2. Nc3 Nf6 3. g3 c6 4. Nf3 Bd6 5. Bg2 O-O 6. O-O Bc7 7. e4 d6 8. d4 Nbd7 9. dxe5 Nxe5 10. Nxe5 dxe5 11. Bg5 Be6 12. b3 h6 13. Qxd8 Rfxd8 14. Bxf6 gxf6 15. Rad1 Ba5 16. Na4 Bb4 17. Nb2 Bd2 18. f4 exf4 19. gxf4 f5 20. e5 Rd4 21. Rf3 Rad8 22. Rdf1 Bb4 23. Rg3+ Kh7 24. Na4 Rd2 25. Nc3 Rc2 26. Nb1 Rxa2 27. Kh1 Rg8   {White resigns} 0-1

[Event "Team 45 45 League T28"]
[Site "Free Internet Chess Server"]
[Date "2005.10.16"]
[Round "5"]
[White "Motyl"]
[Black "HotDonut"]
[Result "1-0"]
[WhiteElo "1870"]
[BlackElo "1913"]
[TimeControl "2700+45"]

1. e4 c6 2. d4 d5 3. Nc3 dxe4 4. Nxe4 Bf5 5. Ng3 Bg6 6. Nf3 Nd7 7. Bc4 Ngf6 8. O-O e6 9. Re1 Bd6 10. Bb3 O-O 11. Qe2 Qc7 12. Ne5 Nd5 13. c4 N5f6 14. c5 Be7 15. h4 Nxe5 16. dxe5 Nd7 17. h5 Bf5 18. Nxf5 exf5 19. e6 Bxc5 20. exd7 Qxd7 21. Bf4 Rfe8 22. Qc4 Bb6 23. h6 g6 24. Red1 Qe7 25. Qc3 Qf8 26. Rd7   {Black resigns} 1-0

[Event "Team 45 45 League T28"]
[Site "Free Internet Chess Server"]
[Date "2005.10.13"]
[Round "5"]
[White "twinders"]
[Black "phorku"]
[Result "1-0"]
[WhiteElo "1631"]
[BlackElo "1585"]
[TimeControl "2700+45"]

1. d4 d5 2. c4 e6 3. Nc3 Nf6 4. Nf3 c5 5. cxd5 Nxd5 6. Nxd5 Qxd5 7. e3 Be7 8. Bb5+ Bd7 9. Bxd7+ Nxd7 10. O-O O-O 11. dxc5 Qc6 12. b4 a5 13. Nd4 Qc8 14. bxa5 Rxa5 15. Bd2 Rxc5 16. Bb4 Rd5 17. Bxe7 Re8 18. Ba3 e5 19. Qb3 Nf6 20. Nf3 Qc7 21. Rfd1 Rxd1+ 22. Rxd1 Ng4 23. h3 Nf6 24. Bd6 Qa5 25. Ng5 Re6 26. Nxe6 fxe6 27. Qxe6+ Kh8 28. Qc8+ Ng8 29. Bc7 Qxa2 30. Bxe5 h6 31. Rd8 Kh7 32. Qxb7 Kg6 33. Qxg7+ Kh5 34. g4+ Kh4 35. Kg2   {Black forfeits on time} 1-0

[Event "Team 45 45 League T28"]
[Site "Free Internet Chess Server"]
[Date "2005.10.15"]
[Round "5"]
[White "scrow"]
[Black "jyntor"]
[Result "0-1"]
[WhiteElo "1457"]
[BlackElo "1575"]
[TimeControl "2700+45"]

1. d4 d5 2. Nf3 Bf5 3. e3 e6 4. c4 Nf6 5. a3 Nbd7 6. b4 dxc4 7. Bxc4 Bd6 8. Nbd2 O-O 9. Bb2 Nb6 10. Qb3 Nxc4 11. Qxc4 c6 12. O-O Qc7 13. Rac1 Ne4 14. Rfe1 Nxd2 15. Nxd2 Bxh2+ 16. Kh1 Bd6 17. e4 Bg6 18. Qc3 f6 19. b5 Rac8 20. Qh3 Qe7 21. d5 cxb5 22. dxe6 Rxc1 23. Rxc1 Bf4 24. Rc2 Rd8 25. Nf3 Bxe4 26. g4 Bxc2 27. Nd4 Rxd4 28. Bxd4 Qxe6   {White resigns} 0-1

[Event "Team 45 45 League T28"]
[Site "Free Internet Chess Server"]
[Date "2005.10.16"]
[Round "5"]
[White "NovoLook"]
[Black "MegaSkins"]
[Result "1-0"]
[WhiteElo "1483"]
[BlackElo "1410"]
[TimeControl "2700+45"]

1. e4 d6 2. d4 Nf6 3. Nc3 g6 4. Nf3 Bg7 5. h3 O-O 6. Be3 Nbd7 7. Qd2 c5 8. Bh6 Qb6 9. Bxg7 Kxg7 10. e5 dxe5 11. dxe5 Ne8 12. O-O-O f6 13. Nd5 Qe6 14. exf6+ exf6 15. Bc4 Nb6 16. Nxb6 Qxb6 17. Rhe1 g5 18. Re7+ Kg6 19. g4 Qd6 20. Bd3+ Kh6 21. Rxh7#   {Black checkmated} 1-0

[Event "Team 45 45 League T28"]
[Site "Free Internet Chess Server"]
[Date "2005.10.17"]
[Round "5"]
[White "zandree"]
[Black "EyeAm"]
[Result "0-1"]
[WhiteElo "1262"]
[BlackElo "1399"]
[TimeControl "2700+45"]

1. e4 e5 2. Nf3 Nf6 3. Bc4 Nxe4 4. d3 Nf6 5. Ng5 d5 6. Bb5+ c6 7. Ba4 Be7 8. Qf3 Bg4 9. Qg3 O-O 10. Qxe5 Re8 11. c3 Bd6 12. Ne6 Rxe6 13. Qe3 Rxe3+ 14. Bxe3 Nbd7 15. Nd2 Nc5 16. Bb3 Nxd3+ 17. Kf1 Nxb2 18. f3 Bf5 19. g4 Bd3+ 20. Kf2 Nc4 21. g5 Nxe3 22. gxf6 Qxf6 23. Kxe3 Bb5 24. Bc2 Qxc3+ 25. Bd3 Qxd3+ 26. Kf2 Qxd2+ 27. Kg1 Bc5#   {White checkmated} 0-1

[Event "Team 45 45 League T28"]
[Site "Free Internet Chess Server"]
[Date "2005.10.16"]
[Round "5"]
[White "twotowers"]
[Black "Lamtarra"]
[Result "1-0"]
[WhiteElo "1627"]
[BlackElo "1562"]
[TimeControl "2700+45"]

1. Nf3 d6 2. g3 Nf6 3. Bg2 Nbd7 4. d3 g6 5. O-O Bg7 6. Nbd2 O-O 7. e4 e5 8. a4 Nc5 9. b4 Ne6 10. c3 Bd7 11. Nc4 b5 12. axb5 Bxb5 13. Na5 Qc8 14. c4 Bd7 15. Be3 c5 16. bxc5 dxc5 17. Qc2 Ng4 18. Bd2 Nf6 19. Ra3 a6 20. Bc3 Nd4 21. Nxd4 cxd4 22. Bb4 Re8 23. Rfa1 Rb8 24. Bd6 Bf8 25. Bxb8 Bxa3 26. Rxa3 Qxb8 27. Nb3 Qa7 28. Qa2 Ra8 29. Ra5 Ng4 30. h3 Nf6 31. Rxe5 Qc7 32. f4 Nh5 33. Kh2 f6 34. Rc5 Qd6 35. Qf2 Rc8 36. Rxc8+ Bxc8 37. Qxd4 Qb4 38. Qd8+ Qf8 39. Qxf8+ Kxf8 40. Bf3   {Black resigns} 1-0

[Event "Team 45 45 League T28"]
[Site "Free Internet Chess Server"]
[Date "2005.10.15"]
[Round "5"]
[White "mdinutu"]
[Black "byrdman"]
[Result "0-1"]
[WhiteElo "1495"]
[BlackElo "1467"]
[TimeControl "2700+45"]

1. e4 g6 2. d4 d6 3. Nc3 Bg7 4. Be3 Nc6 5. Nf3 Bg4 6. Be2 e5 7. h3 Bxf3 8. Bxf3 exd4 9. Bxd4 Nxd4 10. O-O Nxf3+ 11. Qxf3 Ne7 12. Rad1 O-O 13. Rfe1 Nc6 14. b3 Ne5 15. Qe3 f5 16. f4 Nd7 17. Re2 Qf6 18. Nd5 Qd8 19. Rde1 c6 20. Nb4 c5 21. Qd3 Bd4+ 22. Kh1 fxe4 23. Qxe4 cxb4 24. Qd5+ Kh8 25. Qxd4+ Qf6 26. Qxb4 Qxf4 27. Qxb7 Ne5 28. Re4 Qf7 29. Qa6 Qc7 30. Rf1 Qxc2 31. Ref4 Rxf4 32. Rxf4 Qc6 33. Qf1 Qe8 34. Qa6 Qe7 35. Qb5 Rf8 36. Re4 Qf6 37. Re1 Qf2 38. Qa6 Qxe1+ 39. Kh2 Qe3 40. Qxd6 Qf4+ 41. Kh1 Qf6 42. Qc7 a6 43. b4 g5 44. a4 g4   {White resigns} 0-1

[Event "Team 45 45 League T28"]
[Site "Free Internet Chess Server"]
[Date "2005.10.14"]
[Round "5"]
[White "Dreadtower"]
[Black "Kamalleo"]
[Result "1-0"]
[WhiteElo "1331"]
[BlackElo "1291"]
[TimeControl "2700+45"]

1. e4 e5 2. Nf3 Nc6 3. Bb5 Nf6 4. O-O Bc5 5. Bxc6 bxc6 6. d4 Bb6 7. Nbd2 O-O 8. Nxe5 Bxd4 9. Ndf3 Bxe5 10. Nxe5 Re8 11. Nf3 Nxe4 12. Re1 d5 13. h3 h6 14. b3 Qf6 15. Be3 Qg6 16. Nh4 Qf6 17. Nf3 Bf5 18. Bd4 Qe6 19. Ne5 Bxh3 20. gxh3 Qxh3 21. Qf3 Qe6 22. Qg2 Re7 23. Nxc6 Qxc6 24. Qxg7#   {Black checkmated} 1-0

[Event "Team 45 45 League T28"]
[Site "Free Internet Chess Server"]
[Date "2005.10.16"]
[Round "5"]
[White "alfreale"]
[Black "coderbird"]
[Result "1-0"]
[WhiteElo "1569"]
[BlackElo "1445"]
[TimeControl "2700+45"]

1. e4 e5 2. Nf3 Nc6 3. Bc4 h6 4. d3 d6 5. O-O Bg4 6. Be3 Nge7 7. Nc3 g5 8. d4 Nxd4 9. Bxd4 Bxf3 10. Qxf3 d5 11. Bxe5 Rh7 12. Nxd5 Nxd5 13. Bxd5 c6 14. Qf5 cxd5 15. Qxh7 Qe7 16. Rfe1 f6 17. Qxe7+ Bxe7 18. Bc3 dxe4 19. Rxe4 Rd8 20. Bxf6 Rd7 21. Bxe7 Rxe7 22. Rxe7+ Kxe7 23. Re1+ Kd6 24. g3 a6 25. f4 gxf4 26. gxf4   {Black resigns} 1-0